AoeStats
← Adavi306

Arena

510277364Analyzed
3v3 RM · 2d ago on Sep 30, 2026· 42m 56s· 6 players
Game mode
Random Map
Map size
Normal (6 player)
Population
200
Speed
Normal
Resources
Standard
Victory
Conquest
Starting age
Dark Age
Ending age
Imperial Age
RankedLock teamsTeams togetherTeam positionsShared explorationLock speedFull tech treeHidden civsTurbo modeCheats
Victory
Defeat
🇭🇰 Saxons · Hong Kong SAR China
1364
+10
🇮🇳 Persians · India
1298
+13
🇯🇵 Varangians · Japan
1288
+13
🇦🇺 Spanish · Australia
1234
-12
🇦🇺 Turks · Australia
1225
-12
🇦🇺 Danes · Australia
1220
-12
Vu_PY
10:33 Feudal Age
14:29 Castle Age
12:32 Double-Bit Axe
12:41 Horse Collar
16:24 Bow Saw
22:33 Wheelbarrow
22:59 Heavy Plow
23:52 Gold Mining
25:48 Gold Shaft Mining
28:45 Imperial Age
26:05 Loom
26:10 Town Watch
26:32 Scale Barding Armor
26:39 Forging
26:54 Bloodlines
26:45 Husbandry
28:03 Chain Barding Armor
27:38 Stone Mining
28:21 Cavalier
29:39 Plate Barding Armor
29:59 Savar
31:45 Iron Casting
31:35 Hand Cart
32:27 Conscription
33:09 Chemistry
34:29 Blast Furnace
34:41 Stone Shaft Mining
35:07 Two-Man Saw
34:38 Crop Rotation
36:13 Fletching
36:45 Ballistics
37:40 Citadels
40:16 Coinage
43:14 Banking
3HK
11:19 Feudal Age
11:49 Loom
12:22 Double-Bit Axe
15:10 Castle Age
13:48 Horse Collar
14:48 Fletching
15:59 Town Watch
16:29 Bodkin Arrow
18:30 Wheelbarrow
22:06 Guard Tower
23:00 Ballistics
30:38 Fortified Wall
30:25 Murder Holes
30:41 Masonry
36:20 Imperial Age
34:26 Gold Mining
34:29 Stone Mining
37:59 Bow Saw
38:19 Shield Wall
39:05 Scale Mail Armor
39:15 Forging
40:33 Squires
41:24 Chain Mail Armor
40:54 Elite Varangian Guard
42:11 Iron Casting
41:51 Arson
42:56 Conscription
43:31 Plate Mail Armor
mayoke331
11:04 Feudal Age
15:31 Castle Age
13:43 Horse Collar
14:11 Double-Bit Axe
16:39 Bow Saw
17:25 Wheelbarrow
16:35 Loom
19:57 Hand Cart
22:25 Gold Mining
22:47 Town Watch
25:44 Bloodlines
26:37 Heavy Plow
26:58 Husbandry
27:58 Stone Mining
31:38 Imperial Age
29:21 Fletching
30:00 Bodkin Arrow
29:50 Light Cavalry
31:20 Scale Barding Armor
32:38 Chain Barding Armor
32:28 Forging
32:43 Bracer
32:05 Cranequins
32:26 Heavy Mounted Crossbowman
34:45 Plate Barding Armor
35:14 Iron Casting
35:24 Ballistics
36:15 Two-Man Saw
35:23 Hussar
37:28 Blast Furnace
36:55 Padded Archer Armor
38:14 Leather Archer Armor
39:01 Chemistry
37:42 Treadmill Crane
37:31 Capped Ram
40:01 Ring Archer Armor
40:59 Siege Ram
41:57 Masonry
41:53 Siege Engineers
Torg
11:10 Feudal Age
14:59 Castle Age
12:54 Double-Bit Axe
14:01 Horse Collar
16:43 Bow Saw
21:24 Gold Mining
27:15 Heavy Plow
29:27 Gold Shaft Mining
29:48 Fletching
31:12 Wheelbarrow
30:23 Loom
31:22 Bodkin Arrow
31:24 Town Watch
32:12 Hand Cart
34:38 Imperial Age
33:09 Hand Cart
33:04 Treadmill Crane
33:48 Murder Holes
34:26 Ballistics
35:04 Padded Archer Armor
35:38 Stone Mining
36:02 Guilds
36:34 Leather Archer Armor
36:54 Bombard Tower
36:46 Masonry
36:58 Conscription
36:40 Artillery
37:00 Town Patrol
37:54 Coinage
38:07 Husbandry
38:18 Bloodlines
38:21 Bracer
39:21 Hoardings
38:10 Elite Janissary
40:40 Ring Archer Armor
41:59 Two-Man Saw
Incitatus
10:14 Feudal Age
14:59 Castle Age
13:30 Stone Mining
13:29 Double-Bit Axe
13:49 Horse Collar
17:52 Scale Mail Armor
19:00 Loom
20:49 Bow Saw
21:41 Chain Mail Armor
22:07 Forging
24:30 Iron Casting
36:38 Pikeman
37:05 Gambesons
37:21 Squires
37:07 Arson
40:04 Imperial Age
Adavi306
10:43 Feudal Age
14:25 Castle Age
14:00 Double-Bit Axe
15:49 Bow Saw
16:45 Horse Collar
19:39 Loom
19:39 Town Watch
24:42 Wheelbarrow
26:07 Town Patrol
26:28 Hand Cart
30:18 Imperial Age
27:53 Padded Archer Armor
28:07 Bloodlines
28:25 Caravan
28:40 Gold Mining
28:43 Stone Mining
29:22 Leather Archer Armor
29:14 Husbandry
32:13 Chemistry
31:37 Conscription
30:45 Elite Conquistador
35:01 Ring Archer Armor
34:22 Fletching
35:09 Forging
37:19 Supremacy
39:33 Two-Man Saw
39:53 Supremacy
Connection lost

Rejoining the realm…

Still unreachable

The connection could not be restored.

Session expired

The server has moved on; the page needs a fresh start.